Map: Acropolis LE

Players

printf - Winner!

  • Race: Protoss Protoss
  • League: Grandmaster
  • Spawn Location: 11:00

TurkeyDano

  • Race: Protoss Protoss
  • League: Grandmaster
  • Spawn Location: 5:00

VOD

Have the link to the VOD?

Description

Time

  • Played on: Oct. 20, 2019, 4:13 p.m.
  • Length: 2:18
Show
View Real Time Build Order
Export as new Build Order

printf Protoss - Winner!

Build Orders:  

Get SALT Encoding   

  12  0:00  Probe (Chrono Boost)  
  13  0:10  Probe (Chrono Boost)  
  14  0:17  Pylon  
  14  0:21  Probe  
  15  0:35  Probe  
  16  0:37  Forge  
  16  0:47  Probe  
  17  0:57  Pylon  
  17  1:11  Probe  
  18  1:19  Photon Cannon  
  18  1:20  Gateway  
  17  1:37  Pylon  
  17  1:48  Photon Cannon, Pylon  
  17  1:50  Gateway  
  17  1:51  Pylon  
  17  2:06  Gateway  
  17  2:10  Photon Cannon  
  17  2:13  Photon Cannon  
Show
View Real Time Build Order
Export as new Build Order

TurkeyDano Protoss 

Build Orders:  

Get SALT Encoding   

  12  0:00  Probe  
  13  0:13  Probe  
  14  0:17  Pylon  
  14  0:25  Probe (Chrono Boost)  
  15  0:37  Probe (Chrono Boost)  
  15  0:41  Forge  
  15  0:42  Probe (Chrono Boost)  
  17  0:55  Pylon  
  17  1:14  Photon Cannon  
  17  1:24  Pylon  
  17  1:37  Photon Cannon  
  14  1:56  Probe  
Tags
 
Add a new tag
Caveats
  • Supply blocks, unpowered buildings, or Contaminate may cause inaccurate times.
  • Supply counts are checked every 10 seconds.